Unix NetHack Version 5.0.0-0 post-release - last build May 23 2026 06:08:33 (1c0ff79ee797540d5714e4e18072db0edd9e58ae,branch:main).

Game began 2026-05-27 16:26:01, ended 2026-05-27 16:34:42.

DaveT, lawful male human Priest

               .--
               .@.|
               ..h--
                ..)|
                 .-##
                  .|#

DaveT the Acolyte            St:17 Dx:9 Co:13 In:9 Wi:16 Ch:11  Lawful
Dlvl:4  $:14 HP:0(29) Pw:28(28) AC:6  Xp:3 T:1206 

Latest messages:
 In what direction? h
 Thwack!!
 In what direction? h
 Whammm!!
 In what direction? h
 As you kick the door, it crashes open!
 You try to move the boulder, but in vain.
 You try to move the boulder, but in vain.
 You try to move the boulder, but in vain.
 You try to move the boulder, but in vain.
 You try to move the boulder, but in vain.
 You materialize in a different location!
 Ouch!  You bump into a door.
 The door resists!
 The door opens.
 You descend the stairs.
 You kill the gnome!
 Welcome to experience level 3.
 There is a gnome corpse here; eat it? [ynq] (n) y
 This gnome corpse is tough.
 You finish eating the gnome corpse.
 y - an axe.
 You swap places with the peaceful dwarf.
 What do you want to throw? [$iklty or ?*] ?
 In what direction? y
 The axe misses the dwarf.
 It is missed.
 A crossbow bolt misses you.
 It is missed.
 You are hit by a crossbow bolt.
 You see here an axe.
 You hear rumbling in the distance.
 The crossbow bolt misses the dwarf.
 A crossbow bolt misses you.
 The crossbow bolt hits the dwarf.
 You stop.  The dwarf is in the way!
 You swap places with the peaceful dwarf.
 You see here a crossbow bolt.
 What do you want to throw? [$iklt or ?*] ?
 In what direction? n
 The dart hits the dwarf.
 The dwarf gets angry!
 The dwarf swings his broad pick.
 The dwarf hits!
 You miss the dwarf.
 The dwarf swings his broad pick.
 The dwarf hits!
 You die...
 Do you want your possessions identified? [ynq] (y) y
 Do you want to see your attributes? [ynq] (y) q

Inventory:
 Coins    ('$')
  $ - 14 gold pieces
 Weapons  (')')
  t - 7 +0 darts
  i - a +1 dagger
  l - a cursed -2 orcish dagger
  a - a blessed +1 mace (weapon in right hand)
  k - a blessed +0 spetum
 Armor    ('[')
  s - a +0 helm of caution (being worn)
  c - a +0 small shield (being worn)
  b - a +0 robe (being worn)
 Comestibles  ('%')
  e - a clove of garlic
  v - a food ration
  u - a cursed food ration
  x - a lembas wafer
  f - a sprig of wolfsbane
 Scrolls  ('?')
  w - a scroll of remove curse
  m - a scroll of scare monster
  p - a scroll of scare monster
 Spellbooks  ('+')
  h - a spellbook of clairvoyance
  g - a spellbook of detect monsters
 Potions  ('!')
  q - a potion of extra healing
  n - a potion of healing
  o - 2 cursed potions of healing
  d - 4 potions of holy water
 Wands    ('/')
  j - a wand of cancellation (0:1)
 Gems/Stones  ('*')
  r - a worthless piece of orange glass

DaveT the Priest's attributes:

Background:
 You were an Acolyte, a level 3 human Priest.
 You were lawful, nominally on a mission for Blind Io
 who was opposed by The Lady (neutral) and Offler (chaotic).
 You were right-handed.
 You were in the Gnomish Mines, on level 4.
 You entered the dungeon 1206 turns ago.
 You had 44 experience points, 36 more were needed to attain level 4.

Basics:
 You had 0 out of 29 hit points.
 You had all 28 energy points (spell power).
 Your armor class was 6.
 Your wallet contained 14 zorkmids.
 Autopickup was off.

Final Characteristics:
 Your strength was 17 (limit:18/100).
 Your dexterity was 9 (limit:18).
 Your constitution was 13 (limit:18).
 Your intelligence was 9 (limit:18).
 Your wisdom was 16 (limit:18).
 Your charisma was 11 (limit:18).

Final Status:
 You weren't hungry.
 You were unencumbered.
 You were wielding a mace.
 You had basic skill with mace.

Final Attributes:
 You were fervently aligned.
 You were warned.
 You were guarded.
 Your spell casting was enhanced by wearing a robe.
 You are dead.

Miscellaneous:
 You didn't encounter any bones levels.
 Total elapsed playing time was 8 minutes and 1 second.

Major events:
 Turn
    1: DaveT the lawful human Priest entered the dungeon
 1181: entered the Gnomish Mines
 1182: attained the rank of Acolyte (level 3)
 1206: killed by a dwarf

Spells:
 Name                 Level Category     Fail Retention
 detect monsters        1   divination     0%  76%-100%
 clairvoyance           3   divination    97%  76%-100%

Skills:
 Fighting Skills
   bare handed combat [Unskilled]
 Weapon Skills
   club               [Unskilled]
   mace               [Basic]
   morning star       [Unskilled]
   flail              [Unskilled]
   hammer             [Unskilled]
   quarterstaff       [Unskilled]
   polearms           [Unskilled]
   spear              [Unskilled]
   trident            [Unskilled]
   lance              [Unskilled]
   bow                [Unskilled]
   sling              [Unskilled]
   crossbow           [Unskilled]
   dart               [Unskilled]
   shuriken           [Unskilled]
   boomerang          [Unskilled]
   unicorn horn       [Unskilled]
 Spellcasting Skills
   healing spells     [Unskilled]
   divination spells  [Unskilled]
   clerical spells    [Basic]

Voluntary challenges:
 Character rerolling was not enabled.
 You were an atheist.
 You never genocided any monsters.
 You never polymorphed an object.
 You never changed form.
 You used no wishes.
Achievements:
 You entered the Gnomish Mines.
 You attained the rank of Acolyte.

 The Dungeons of Doom: levels 1 to 4
    Level 1: "vault"
    Level 2:
       A fountain.
    Level 3:
       Stairs down to The Gnomish Mines.
    Level 4: "vault"
 The Gnomish Mines:
    Level 4: <- You were here.
       Final resting place for
          you, killed by a dwarf.


Vanquished creatures:
  a shrieker
  a hobbit
  a yellow mold
  a gnome
  4 jackals
  a fox
  a goblin
  2 sewer rats
  a lichen
  a kobold zombie
  4 newts
18 creatures vanquished.

No species were genocided or became extinct.

Game over:
                       ----------
                      /          \
                     /    REST    \
                    /      IN      \
                   /     PEACE      \
                  /                  \
                  |      DaveT       |
                  |      14 Au       |
                  |   killed by a    |
                  |      dwarf       |
                  |                  |
                  |                  |
                  |       2026       |
                 *|     *  *  *      | *
        _________)/\\_//(\/(/\)/\//\/|_)_______

Goodbye DaveT the Priest...

You died in The Gnomish Mines on dungeon level 4 with 339 points,
and 14 pieces of gold, after 1206 moves.
You were level 3 with a maximum of 29 hit points when you died.

